 Dungeon Crawl Stone Soup version 0.21-a0-538-gd16b88a (webtiles) character file.

187 zaque the Insei (level 5, -1/33 HPs)
             Began as an Octopode Transmuter on Dec 15, 2017.
             Slain by a kobold (2 damage)
             ... on level 3 of the Dungeon.
             The game lasted 00:06:06 (2230 turns).

zaque the Insei (Octopode Transmuter)               Turns: 2230, Time: 00:06:07

Health: -1/33      AC:  1    Str:  9    XL:     5   Next: 66%
Magic:  8/9        EV: 13    Int: 17    God:
Gold:   132        SH:  0    Dex: 12    Spells: 3/10 levels left

rFire    . . .     SeeInvis .     - Unarmed
rCold    . . .     Gourm    .   (no shield)
rNeg     . . .     Faith    .   (helmet restricted)
rPois    .         Spirit   .   (no amulet)
rElec    .         Reflect  .   (no ring)
rCorr    .         Harm     .   (no ring)
MR       +....                  x - ring of protection from magic
Stlth    ++........             (no ring)
HPRegen  0.11/turn              (no ring)
MPRegen  0.11/turn              (no ring)
                                (no ring)
                                (no ring)

@: appendage
A: almost no armour, stealthy swim, amphibious, 8 rings, constrict 8, tentacle
spike 3, camouflage 1, gelatinous body 1
a: End Transformation


You were on level 3 of the Dungeon.
You were hungry.
One of your tentacles had a temporary spike.
You visited 1 branch of the dungeon, and saw 3 of its levels.

You collected 132 gold pieces.

Inventory:

Missiles
 a - 12 arrows
 s - 3 tomahawks (quivered)
Jewellery
 x - a ring of protection from magic (on tentacle)
Scrolls
 j - 2 scrolls of remove curse {unknown}
 l - a scroll of enchant weapon {unknown}
 n - a scroll of teleportation {unknown}
 p - a scroll of random uselessness {unknown}
 u - a scroll of identify {unknown}
 y - a scroll of magic mapping {unknown}
Potions
 g - 2 potions of flight {unknown}
 h - a potion of curing {unknown}
 k - a potion of brilliance {unknown}
 m - a potion of agility {unknown}
 o - a potion of berserk rage {unknown}
 q - a potion of cancellation {unknown}
 t - a potion of magic {unknown}
Books
 b - a book of Changes

   Spells                             Type                      Level
   a - Beastly Appendage              Transmutation                1
   b - Sticks to Snakes               Transmutation                2
   c - Spider Form                    Transmutation/Poison         3
   d - Ice Form                       Ice/Transmutation            4
   e - Blade Hands                    Transmutation                5
Comestibles
 c - 3 bread rations
 d - a meat ration
 f - 2 royal jellies
 i - 5 fruits


   Skills:
 - Level 1.0 Fighting
 - Level 2.0 Dodging
 + Level 4.3 Unarmed Combat
 + Level 3.1 Spellcasting
 * Level 3.9 Transmutations


You had 3 spell levels left.
You knew the following spells:

 Your Spells              Type           Power        Failure   Level  Hunger
a - Beastly Appendage     Tmut           ###...       3%          1    None
b - Sticks to Snakes      Tmut           ###.....     5%          2    ##.....
c - Ice Form              Ice/Tmut       #.......     58%         4    ####...


Dungeon Overview and Level Annotations

Branches:
Dungeon (3/15)

Altars:
Hepliaklqana


Innate Abilities, Weirdness & Mutations

You cannot wear most types of armour.
You are very stealthy in the water. (Stealth+)
You are amphibious.
You can wear up to eight rings at the same time.
You can use your tentacles to constrict eight enemies at once.
Your skin changes colour to match your surroundings (Stealth+).
Your rubbery body absorbs attacks. (AC +1, EV +1)
One of your tentacles bears a large vicious spike.


Message History

You constrict the orc wizard, but do no damage.
The orc wizard barely misses you.
You tentacle-slap the orc wizard but do no damage.
You pierce the orc wizard, but do no damage.
The orc wizard is lightly wounded.
You constrict the orc wizard. The orc wizard hits you with a dagger.
* * * LOW HITPOINT WARNING * * *
The kobold closely misses you.
You tentacle-slap the orc wizard.
Your tentacle spike misses the orc wizard.
The orc wizard is moderately wounded.
You constrict the orc wizard, but do no damage.
The orc wizard hits you with a dagger.
* * * LOW HITPOINT WARNING * * *
You tentacle-slap the orc wizard.
You pierce the orc wizard, but do no damage.
You squeeze the orc wizard.
The orc wizard is heavily wounded.
You constrict the orc wizard. The kobold hits you.
You die...

#.# #.##...# #.#
#......# #.#
####...# #.# ##.##
#.# #.# #.# #.#
#.# #># #.#
#######.##### #.#
#)........@o##
#.###.#########Ko#
###.##...## ##.#
....#..#..## #..#
###...###..# .#.#
#.#..#..## oo ..
#.##...## ..⌠ ..#
#.###.## <... ..#
#.....# ....⌠ o##


You could see an orc wizard, an orc and a kobold.

Vanquished Creatures
  An orc priest (D:3)
  An orc wizard (D:3)
  6 adders
  2 leopard geckos
  7 orcs (D:3)
  8 bats
  2 giant cockroaches (D:2)
  6 goblins
  7 hobgoblins
  6 jackals
  8 kobolds
  A quokka (D:2)
  4 frilled lizards
  5 rats
64 creatures vanquished.

Notes
Turn   | Place    | Note
-------+----------+-------------------------------------------
     0 | D:1      | zaque the Octopode Transmuter began the quest for the Orb.
     0 | D:1      | Reached XP level 1. HP: 13/13 MP: 3/3
   155 | D:1      | Reached XP level 2. HP: 15/18 MP: 3/5
   598 | D:2      | Reached XP level 3. HP: 22/23 MP: 4/6
   609 | D:2      | Learned a level 2 spell: Sticks to Snakes
  1131 | D:2      | Reached XP level 4. HP: 26/28 MP: 5/7
  1440 | D:2      | Learned a level 4 spell: Ice Form
  1532 | D:3      | Reached skill level 4 in Unarmed Combat
  1532 | D:3      | Reached XP level 5. HP: 30/33 MP: 7/9
  1943 | D:3      | Found a hazy altar of Hepliaklqana.
  2229 | D:3      | HP: 1/33 [orc wizard/dagger (2)]
  2230 | D:3      | Slain by a kobold

Vault maps used:
D:1:      dpeg_arrival_simpleton_a, columned_hall_lemuel
D:2:      first_bread
D:3:      lemuel_doored_altar, serial_bayou, serial_bayou_shore_b,
          serial_bayou_pond_c, serial_bayou_pond_e, serial_bayou_pond_a,
          grunt_ministairs_9

Skill      XL: |  1  2  3  4  5 |
---------------+----------------+-----
Transmutations | 3 |  3.9
Unarmed Combat | 4 |  4.3
Spellcasting   | 3 |  3.1
Fighting       | |  1.0
Dodging        | |  2.0

Action                   |  1- 3 |  4- 6 || total
-------------------------+-------+-------++-------
Melee: Unarmed           |    78 |    77 ||   155
       Constrict         |    26 |    20 ||    46
       Tentacles         |    12 |    11 ||    23
       Kick              |    12 |    18 ||    30
       Punch             |     2 |       ||     2
Throw: Tomahawk          |       |     3 ||     3
 Cast: Beastly Appendage |    24 |    15 ||    39
 Stab: Sleeping          |     3 |     2 ||     5
       Distracted        |       |     1 ||     1
  Eat: Chunk             |     1 |     3 ||     4
Armor: Skin              |     2 |     5 ||     7
Dodge: Dodged            |    52 |    41 ||    93

Table legend:
 A = Spawn XP
 B = Non-spawn XP
 C = Spawn XP percentage of total XP
 D = Spawn monster count
 E = Non-spawn monster count
 F = Spawn count percentage of total count
 G = Total turns spent on level
                    A         B        C        D         E        F      G
               +---------+---------+-------+---------+---------+-------+---------
         Total |       0 |     268 |   0.0 |       0 |      64 |   0.0 |  2230
               +---------+---------+-------+---------+---------+-------+---------
           D:1 |       0 |      33 |   0.0 |       0 |      20 |   0.0 |   595
           D:2 |       0 |      86 |   0.0 |       0 |      23 |   0.0 |   859
           D:3 |       0 |     149 |   0.0 |       0 |      21 |   0.0 |   776
               +---------+---------+-------+---------+---------+-------+---------
